 Seeded DCSS version 0.29.1-15-g9cfb28693d (webtiles) character file.

Game seed: 16245865983455551772 (custom seed)

2 Atreus the Chopper (level 1, 15/19 HPs)
             Began as a Palentonga Berserker on Mar 9, 2023.
             Was a Follower of Trog.
             Quit the game on level 1 of the Dungeon.
             The game lasted 00:00:38 (66 turns).

Atreus the Chopper (Palentonga Berserker)             Turns: 66, Time: 00:00:39

Health: 15/19      AC:  9    Str: 35    XL:     1   Next: 33%
Magic:  1/1        EV:  7    Int:  5    God:    Trog [*.....]
Gold:   0          SH:  0    Dex:  9    Spells: 0/0 levels left

rFire   + . .      SeeInvis +   a - +0 hand axe
rCold   + . .      Faith    .   (no shield)
rNeg    + . .      Spirit   .   b - +0 animal skin
rPois   +          Reflect  .   (no helmet)
rElec   .          Harm     .   (no cloak)
rCorr   +          Rampage  .   (no gloves)
Will    .....                   c - +1 barding "Weoraof" {rC+ rCorr}
Stlth   +.........              (no amulet)
HPRegen 0.06/turn               d - ring "Ovueckiso" {Contam rPois rF+ Str+9 Int-2}
MPRegen 0.07/turn               e - ring of Liefeos {rPois rN+ Str+4 Slay+2}

@: no status effects
A: large, rugged brown scales 3, see invisible, deformed body, roll 1, armoured
tail
a: Rolling Charge, Renounce Religion, Berserk


You were on level 1 of the Dungeon.
You worshipped Trog.
Trog was aware of your devotion.
You visited 1 branch of the dungeon, and saw 1 of its levels.

Inventory:

Hand Weapons
 a - a +0 hand axe (weapon)
Armour
 b - a +0 animal skin (worn)
 c - the +1 barding "Weoraof" (worn) {rC+ rCorr}
   (You acquired it on level 1 of the Dungeon)

   rC:        It protects you from cold.
   rCorr:     It protects you from acid and corrosion.
Jewellery
 d - the ring "Ovueckiso" (left hand) {Contam rPois rF+ Str+9 Int-2}
   (You acquired it on level 1 of the Dungeon)

   [ring of protection from fire]

   Str:       It affects your strength (+9).
   Int:       It affects your intelligence (-2).
   rF:        It protects you from fire.
   rPois:     It protects you from poison.
   Contam:    It causes magical contamination when unequipped.
 e - the ring of Liefeos (right hand) {rPois rN+ Str+4 Slay+2}
   (You acquired it on level 1 of the Dungeon)

   [ring of poison resistance]

   Str:       It affects your strength (+4).
   Slay:      It affects your accuracy & damage with ranged weapons and melee
   (+2).
   rPois:     It protects you from poison.
   rN:        It protects you from negative energy.


   Skills:
 + Level 3.0 Fighting
 + Level 3.0 Axes
 + Level 1.5 Armour
 + Level 1.5 Dodging


You couldn't memorise any spells.
You didn't know any spells.
Your spell library was empty.

Dungeon Overview and Level Annotations

Branches:
Dungeon (1/15)

Altars:


Innate Abilities, Weirdness & Mutations

You are completely covered in rugged brown scales. (AC +3, +7% HP)
You have supernaturally acute eyesight. (SInv)
Armour fits poorly on your strangely shaped body.
You can roll at nearby foes to attack.
You have a long armoured tail.


Message History

The goblin barely misses you.
You hit the goblin.
You kill the goblin!
Trog accepts your kill.
You see here a +0 dagger.
The endoplasm hits you.
You barely miss the endoplasm. You tail-slap the endoplasm.
The endoplasm is almost dead.
The endoplasm hits you.
You hit the endoplasm.
You kill the endoplasm!
Trog accepts your kill.
Found 3 scrolls labelled WAC GOIFOFITOUPLEC.
You start resting.
A quokka is nearby!
c - 3 scrolls labelled WAC GOIFOFITOUPLEC
There are no items here.
This is a scroll of acquirement!
Something appears at your feet! Something appears at your feet!
Something appears at your feet!
c - the +1 barding "Weoraof" {rC+ rCorr}
d - the ring "Ovueckiso" {Contam rPois rF+ Str+9 Int-2}
e - the ring of Liefeos {rPois rN+ Str+4 Slay+2} Really put on
d - the ring "Ovueckiso" {Contam rPois rF+ Str+9 Int-2}? [Y]es or [N]o only, please.
Really put on
d - the ring "Ovueckiso" {Contam rPois rF+ Str+9 Int-2}?
You feel stronger.
You feel stupid.
You feel a build-up of mutagenic energy.
d - the ring "Ovueckiso" (left hand) {Contam rPois rF+ Str+9 Int-2} You feel stronger.
e - the ring of Liefeos (right hand) {rPois rN+ Str+4 Slay+2} You start putting on your armour.
You continue putting on the +1 barding "Weoraof" {rC+ rCorr}. x4
You finish putting on the +1 barding "Weoraof" {rC+ rCorr}.
Are you sure you want to abandon this character and quit the game? (Confirm with "yes".)
Okay, then.
Unknown command.
Are you sure you want to abandon this character and quit the game? (Confirm with "yes".)

# .# #.#
######..###
#.@........
.......#..#.....
#.##...#..# ...
#...###.## #
#... #..# ...#
#..# ##.## ....
#..#.r #..#
....#
#.##...##.##
....# #....
#..#.....#


There were no monsters in sight!

Vanquished Creatures
  An endoplasm (D:1)
  A goblin (D:1)
2 creatures vanquished.

Notes
Turn   | Place    | Note
-------+----------+-------------------------------------------
     0 | D:1      | Atreus the Palentonga Berserker began the quest for the
                  | Orb.
     0 | D:1      | Reached XP level 1. HP: 19/19 MP: 1/1
    55 | D:1      | Identified 3 scrolls of acquirement
    55 | D:1      | Acquired the ring of Liefeos {rPois rN+ Str+4 Slay+2}
    56 | D:1      | Acquired the +1 barding "Weoraof" {rC+ rCorr}
    57 | D:1      | Acquired the ring "Ovueckiso" {Contam rPois rF+ Str+9
                  | Int-2}
    66 | D:1      | Quit the game

Illustrated notes

Levels and vault maps discovered:
D:1:      minmay_arrival_hallway, layout_loops_corners, basic_ecumenical_altar,
          minmay_unequal

Action                   || total
-------------------------++-------
Melee: Hand axe          ||     5
       Tailslap          ||     1
  Use: Scroll            ||     3
Dodge: Dodged            ||     1
